 Dungeon Crawl Stone Soup version 0.19-a0-1188-g4c2e17c (webtiles) character file.

346027 PurpleRed the Sorcerer (level 20, -18/115 HPs)
             Began as a Deep Elf Conjurer on Aug 18, 2016.
             Was the Champion of Vehumet.
             Blown up by Boris (67 damage)
             ... with a wavering orb of destruction
             ... on level 2 of the Vaults.
             The game lasted 04:12:06 (32369 turns).

PurpleRed the Sorcerer (Deep Elf Conjurer)         Turns: 32369, Time: 04:12:06

Health: -18/115    AC: 10    Str:  1    XL:     20   Next: 82%
Magic:  66/82      EV: 20    Int: 46    God:    Vehumet [******]
Gold:   1419       SH:  6    Dex: 18    Spells: 14 memorised, 3 levels left

rFire  + + +     SeeInvis .     E - staff of power
rCold  x x x     Gourm    .     O - +1 robe of Muttered Phrases {rElec MR+++ Dex-2}
rNeg   . . .     Faith    .     M - +0 buckler of the Everdark {MP+9}
rPois  +         Spirit   .     U - +1 helmet of the Iron City of Dis {rPois Str-3 Int+4 Dex+2}
rElec  +         Dismiss  .     k - -1 cloak of Sipat {+Inv rPois rCorr Str-4 Int+5}
rCorr  +         Reflect  .     T - +2 pair of gloves {Str+3}
MR     +++++     Harm     .     A - +1 pair of boots
Stlth  ++........               (no amulet)
                                w - ring of Demons {Fire *Drain Int+7 Dex+3}
                                e - ring of magical power

@: immune to fire clouds, very slightly contaminated, delayed fireball, repel
missiles
A: no striking features
a: Renounce Religion, Release Delayed Fireball, Evoke Invisibility
}: 3/15 runes: serpentine, barnacled, slimy


You were on level 2 of the Vaults.
You worshipped Vehumet.
Vehumet was exalted by your worship.
You were not hungry.

You visited 9 branches of the dungeon, and saw 41 of its levels.
You visited the Abyss 1 time.
You also visited: Labyrinth and Sewer.

You collected 4568 gold pieces.
You spent 3149 gold pieces at shops.

Inventory:

Armour
 k - the -1 cloak of Sipat (worn) {+Inv rPois rCorr Str-4 Int+5}
   (You found it on level 2 of the Lair of Beasts)

   It affects your strength (-4).
   It affects your intelligence (+5).
   It protects you from poison.
   It lets you turn invisible.
   It protects you from acid and corrosion.
 m - a +0 cloak of magic resistance
 A - a +1 pair of boots (worn)
 M - the +0 buckler of the Everdark (worn) {MP+9}
   (You acquired it on level 5 of the Pits of Slime)

   It affects your magic capacity (+9).
 O - the +1 robe of Muttered Phrases (worn) {rElec MR+++ Dex-2}
   (You took it off a deep elf demonologist on level 3 of the Elven Halls)

   It affects your dexterity (-2).
   It insulates you from electricity.
   It affects your resistance to hostile enchantments.
 R - the +1 robe of Cod Vati {rN+ Int+4}
   (You found it on level 4 of the Snake Pit)

   It affects your intelligence (+4).
   It protects you from negative energy.
 T - a +2 pair of gloves of strength (worn)
 U - the +1 helmet of the Iron City of Dis (worn) {rPois Str-3 Int+4 Dex+2}
   (You found it on level 4 of the Shoals)

   It affects your strength (-3).
   It affects your intelligence (+4).
   It affects your dexterity (+2).
   It protects you from poison.
 V - a +1 helmet of see invisible
Magical Staves
 E - an uncursed staff of power (weapon)
 L - an uncursed staff of energy
Jewellery
 b - the ring of Tupoutoy {*Drain rPois rN+ MR+ Dex+9}
   (You found it on level 5 of the Pits of Slime)

   [ring of positive energy]

   It affects your dexterity (+9).
   It protects you from poison.
   It protects you from negative energy.
   It affects your resistance to hostile enchantments.
   It causes draining when unequipped.
 e - a ring of magical power (left hand)
 f - the ring of Wisdom {rPois rF++ Int+3}
   (You found it on level 5 of the Pits of Slime)

   [ring of intelligence]

   It affects your intelligence (+3).
   It greatly protects you from fire.
   It protects you from poison.
 w - the ring of Demons (right hand) {Fire *Drain Int+7 Dex+3}
   (You bought it in a shop on level 2 of the Snake Pit)

   [ring of fire]

   It enhances your fire magic.
   It affects your intelligence (+7).
   It affects your dexterity (+3).
   It protects you from fire.
   It makes you vulnerable to cold.
   It causes draining when unequipped.
 y - the ring of Zemidgh {MR+ Str+3}
   (You found it on level 4 of the Shoals)

   [ring of strength]

   It affects your strength (+3).
   It affects your resistance to hostile enchantments.
 G - an uncursed ring of protection from cold
 Z - an uncursed ring of see invisible
Wands
 j - a wand of disintegration (23/24)
Scrolls
 n - 4 scrolls of blinking
 p - 6 scrolls of amnesia
 t - 10 scrolls of identify
 v - 4 scrolls of recharging
 z - 9 scrolls of teleportation
 B - 5 scrolls of fog
 D - a scroll of magic mapping
 F - 2 scrolls of fear
 I - 12 scrolls of remove curse
Potions
 a - 2 potions of resistance
 d - 3 potions of heal wounds
 h - 4 potions of agility
 i - a potion of cancellation
 l - 12 potions of curing
 o - 4 potions of ambrosia
 s - 6 potions of flight
 x - 7 potions of might
 C - 2 potions of magic
 H - 2 potions of cure mutation
 K - 4 potions of haste
 S - 4 potions of brilliance
Comestibles
 c - 20 bread rations
 g - 22 meat rations
 q - 18 fruits
 r - 6 chunks of flesh
 u - 7 beef jerkies
 N - a slice of pizza


   Skills:
 * Level 9.0 Fighting
 - Level 10.3 Dodging
 - Level 2.4 Stealth
 - Level 6.4 Shields
 + Level 23.0 Spellcasting
 - Level 21.4 Conjurations
 - Level 8.6 Charms
 + Level 5.9 Necromancy
 - Level 20.1 Fire Magic
 + Level 4.4 Earth Magic


You had 3 spell levels left.
You knew the following spells:

 Your Spells              Type           Power        Failure   Level  Hunger
a - Magic Dart            Conj           ####         0%          1    None
b - Apportation           Tloc           ######....   1%          1    None
c - Shatter               Erth           #######...   100%        9    None
d - Iskenderun's Battles  Conj/Chrm      ########     1%          5    None
e - Fireball              Conj/Fire      #########.   0%          5    None
f - Ring of Flames        Chrm/Fire      #########.   1%          7    None
g - Bolt of Fire          Conj/Fire      #########.   0%          6    None
h - Delayed Fireball      Conj/Fire      N/A          1%          7    None
i - Repel Missiles        Chrm/Air       ######       1%          2    None
j - Sublimation of Blood  Necr           #######...   1%          2    None
k - Blink                 Tloc           N/A          1%          2    None
l - Fire Storm            Conj/Fire      #########.   1%          9    None
m - Lehudib's Crystal Sp  Conj/Erth      ########..   3%          8    None
r - Regeneration          Chrm/Necr      #######...   1%          3    None


Dungeon Overview and Level Annotations

Branches:
Dungeon (14/15)            Temple (1/1) D:5            Lair (6/6) D:8
 Shoals (4/4) Lair:4        Snake (4/4) Lair:2        Slime (5/5) Lair:5
    Orc (2/2) D:12            Elf (3/3) Orc:2        Vaults (2/5) D:14
  Crypt: Vaults:2-3

Altars:
Ashenzari
Cheibriados
Dithmenos
Elyvilon
Fedhas
Gozag
Hepliaklqana
Kikubaaqudgha
Makhleb
Nemelex Xobeh
Okawaru
Qazlal
Ru
Sif Muna
Trog
Uskayaw
Vehumet
Xom
Yredelemnul
Zin
The Shining One
Beogh
Jiyva

Shops:
D:5 !   D:12 :%(   Orc:2 :!:[   Elf:3 :   Snake:1 }=}   Snake:2 (=[:
Snake:3 *

Portals:
Hell: Lair:6

Annotations:
Elf:2 3 runed doors


Message History

Something conjures a glowing orb.
An orb of destruction comes into view.
Casting: Fire Storm
Confirm with . or Enter, or press ? or * to list all spells.
Aiming: Fireball
Press: ? - help, Shift-Dir - straight line, f - centaur
Aim: a centaur, wielding a shortbow You feel a strong surge of power!
The fireball explodes!
The fireball engulfs the centaur.
You kill the centaur!
Vehumet accepts your kill.
You feel your power returning.
The fireball engulfs something.
Vehumet accepts your kill.
You feel your power returning.
Reactivating autopickup.
Your Fighting skill increases to level 9!
You feel a bit more experienced.
The wavering orb of destruction hits you!
Ouch! That really hurt!
You die...

#.)).)().v..
+...v)))v...
#...(()(v.).
#...))§§v§§.
#...§§(§§..(
#..)§.(§§v).
###+###..)[§.§....
...
.........§§§.#####
..########.....§@§.#
..#......#.....§§v.#
..#......#.....§§§.#
..#......#.......(.#
..#......#.........#
..#......'.........#
..#......#.........#
..#......#.........+
..#......#.........#


You could see 6 friendly fire vortices.

Vanquished Creatures
  the Royal Jelly (Slime:5)
  Boris (Vaults:2)
  Vashnia (Snake:4)
  13 acid blobs
  2 deep elf blademasters (Elf:3)
  2 deep elf master archers (Elf:3)
  Polyphemus (Shoals:4)
  A kraken (Shoals:1)
  Gastronok (Lair:2)
  Frances (Elf:1)
  A tengu reaver (D:13)
  Roxanne (Shoals:3)
  Kirke (D:12)
  8 azure jellies
  Ilsuiw (Shoals:4)
  7 greater nagas
  5 deep elf sorcerers
  2 orc warlords (Orc:2)
  A fire giant (Vaults:1)
  Aizul (Snake:3)
  2 vault wardens
  3 deep elf elementalists (Elf:3)
  3 ironheart preservers (Vaults:2)
  2 stone giants
  9 deep elf demonologists
  9 deep elf annihilators
  Snorg (Orc:1)
  4 merfolk impalers
  An ettin (D:13)
  6 death oozes (Slime:5)
  3 deep elf death magi
  A deep elf high priest (Elf:3)
  A minotaur (Lab)
  5 ogre magi
  5 merfolk javelineers
  A yaktaur captain (Vaults:1)
  3 great orbs of eyes
  Erolcha (Orc:2)
  Fannar (D:10)
  2 catoblepae
  5 centaur warriors
  3 alligator snapping turtles (Shoals:4)
  A merfolk avatar (Shoals:3)
  18 naga warriors
  12 hydras
  8 anacondas
  Erica (D:10)
  4 satyrs
  2 merfolk aquamancers (Shoals:4)
  8 death yaks
  A deep troll earth mage (D:13)
  16 dancing weapons
  5 shock serpents
  13 deep elf knights
  An orc high priest (Orc:2)
  Nergalle (Orc:2)
  A shadow wraith (Vaults:1)
  A sun demon (Lair:6)
  16 naga sharpshooters
  A sixfirhy (Lair:6)
  10 sea snakes
  A deep troll (D:14)
  11 naga ritualists
  The ghost of NervFog the Ducker, a novice TrMo of Trog (D:7)
  3 giant orange brains
  20 deep elf archers
  5 salamander mystics
  4 hill giants
  2 unseen horrors (Vaults:1)
  3 ironbrand convokers
  2 wizards
  8 harpies
  12 mana vipers
  56 deep elf magi
  A wolf spider (Vaults:2)
  6 orc knights
  9 orc sorcerers
  A wolf spider zombie (D:13)
  2 ugly things (D:13)
  7 shining eyes
  16 fauns
  2 hornets
  9 cyclopes
  11 griffons
  7 vault sentinels
  2 moths of wrath (shapeshifter)
  11 sirens
  47 black mambas
  3 elephants (Lair:2)
  5 salamanders
  22 naga magi
  9 manticores
  4 water nymphs
  2 torpor snails
  A black mamba (shapeshifter) (D:13)
  7 guardian serpents
  2 gargoyles (D:14)
  2 eyes of devastation
  10 spiny frogs
  2 orange demons (Lair:6)
  5 komodo dragons
  A freezing wraith (Vaults:2)
  2 kobold demonologists
  5 rime drakes
  7 yaktaurs (Vaults:1)
  2 centaur skeletons
  5 ice devils (Lair:6)
  An efreet (D:13)
  15 merfolk
  2 red devils (Lair:6)
  A wind drake (Shoals:4)
  A hellwing (Lair:6)
  6 trolls
  A polar bear (Lair:6)
  2 two-headed ogres (Vaults:2)
  A polar bear (shapeshifter) (Vaults:2)
  A raiju (shapeshifter) (D:13)
  8 snapping turtles
  4 blink frogs
  74 slime creatures
  A shadow (D:13)
  4 wraiths
  9 water elementals
  2 spriggans
  2 air elementals (Elf:1)
  4 wyverns (D:13)
  6 fire elementals
  3 vampires
  2 basilisks
  7 golden eyes
  29 yaks
  Eustachio (D:6)
  3 hungry ghosts
  7 hogs (D:12)
  A mottled dragon (D:14)
  Grum (D:8)
  2 vampire mosquitoes (D:14)
  15 hippogriffs
  59 nagas
  7 wargs
  25 water moccasins
  7 porcupines
  26 orc warriors
  3 ice beasts
  A wasp (D:13)
  2 sky beasts
  4 eyes of draining
  6 necrophages
  2 black bears
  3 phantoms
  10 boggarts
  15 ogres
  15 wolves
  The ghost of Guenter the Slasher, an amateur DsGl (D:3)
  15 centaurs
  11 crocodiles
  A big kobold (shapeshifter) (D:13)
  3 big kobolds
  18 giant frogs
  An ogre simulacrum (Vaults:1)
  A wyvern zombie (D:13)
  3 earth elementals
  4 scorpions
  9 killer bees
  20 wights
  2 howler monkeys
  17 electric eels
  3 giant frog zombies
  6 crimson imps
  2 centaur zombies
  3 quasits
  A wyvern simulacrum (D:14)
  14 orc priests
  4 giant frog skeletons
  11 hounds
  3 jellies
  33 orc wizards
  9 iguanas
  12 worker ants
  23 sheep
  A hound zombie (D:5)
  A worker ant zombie (D:7)
  12 river rats
  13 adders
  2 shadow imps
  11 oozes
  2 adder zombies
  6 worms
  4 dart slugs
  8 giant geckos
  95 orcs
  3 ball pythons
  9 giant cockroaches
  14 goblins
  5 hobgoblins
  8 jackals
  13 kobolds
  2 quokkas (D:5)
  21 bats
  A giant gecko skeleton (D:4)
  5 giant newts
  A jackal zombie (D:5)
  21 rats
  4 bushes
  3 fire vortices
  4 fungi
  76 plants
  3 tentacles (Shoals:1)
1577 creatures vanquished.

Vanquished Creatures (collateral kills)
  An acid blob (Slime:5)
  A greater naga (Snake:4)
  An alligator snapping turtle (Shoals:4)
  A centaur warrior (Vaults:2)
  A shock serpent (Snake:4)
  A griffon (D:14)
  A black mamba (Snake:4)
  2 slime creatures
  2 golden eyes (Slime:4)
  A hippogriff (Shoals:4)
  4 nagas
  An eye of draining (Slime:5)
  3 ogres (Vaults:2)
  A centaur (Vaults:2)
  A wight (D:14)
22 creatures vanquished.

Vanquished Creatures (others)
  Louise (Snake:2)
  A shock serpent (Snake:2)
  A water elemental (Elf:2)
  A bat (D:8)
  234 fire vortices
  3 fungi
  23 plants
  A tentacle (Shoals:1)
265 creatures vanquished.

Grand Total: 1864 creatures vanquished

Notes
Turn   | Place    | Note
-------+----------+-------------------------------------------
     0 | D:1      | PurpleRed the Deep Elf Conjurer began the quest for the Orb.
     0 | D:1      | Reached XP level 1. HP: 10/10 MP: 6/6
   132 | D:1      | Reached XP level 2. HP: 15/15 MP: 0/8
   136 | D:1      | Learned a level 2 spell: Searing Ray
   390 | D:1      | Reached skill level 5 in Conjurations
   693 | D:1      | Reached XP level 3. HP: 17/19 MP: 10/10
   864 | D:2      | Reached skill level 4 in Spellcasting
  1122 | D:2      | Reached XP level 4. HP: 6/24 MP: 9/12
  1716 | D:3      | Found a glowing drain.
  1751 | Sewer    | Entered a sewer
  2095 | Sewer    | Reached XP level 5. HP: 27/28 MP: 13/13
  2105 | Sewer    | Learned a level 4 spell: Iskenderun's Mystic Blast
  2111 | Sewer    | Learned a level 5 spell: Iskenderun's Battlesphere
  2624 | D:3      | Noticed Guenter's ghost (amateur DsGl)
  2649 | D:3      | Killed Guenter's ghost
  2649 | D:3      | Reached skill level 5 in Spellcasting
  2649 | D:3      | Reached XP level 6. HP: 23/32 MP: 3/15
  2978 | D:4      | Found a radiant altar of Vehumet.
  2983 | D:4      | Became a worshipper of Vehumet
  3236 | D:5      | Entered Level 5 of the Dungeon
  3244 | D:5      | Reached skill level 6 in Spellcasting
  3322 | D:5      | Reached XP level 7. HP: 36/36 MP: 12/18
  3357 | D:5      | Reached skill level 1 in Charms
  3529 | D:5      | Found a staircase to the Ecumenical Temple.
  3544 | Temple   | Entered the Ecumenical Temple
  3832 | D:5      | Reached skill level 7 in Spellcasting
  3960 | D:5      | Found Koemmisk's Distillery.
  3964 | D:5      | Reached XP level 8. HP: 41/41 MP: 20/20
  4058 | D:6      | Reached * piety under Vehumet
  4058 | D:6      | Offered knowledge of Sting by Vehumet.
  4215 | D:6      | Noticed Eustachio
  4224 | D:6      | Killed Eustachio
  4224 | D:6      | Reached skill level 5 in Charms
  4236 | D:6      | Reached skill level 8 in Spellcasting
  4244 | D:6      | Reached skill level 10 in Conjurations
  4565 | D:6      | Identified the Tome of Venom and Summoning
  4773 | D:7      | Noticed NervFog's ghost (novice TrMo)
  4795 | D:7      | Reached XP level 9. HP: 45/45 MP: 23/23
  4942 | D:7      | Killed NervFog's ghost
  4942 | D:7      | Reached skill level 9 in Spellcasting
  4947 | D:7      | Offered knowledge of Shock by Vehumet.
  5082 | D:7      | Found an iron altar of Okawaru.
  5199 | D:7      | Reached ** piety under Vehumet
  5725 | D:8      | Offered knowledge of Ignite Poison by Vehumet.
  5731 | D:8      | Learned a level 3 spell: Ignite Poison
  5782 | D:8      | Found a staircase to the Lair.
  5787 | D:8      | Reached skill level 1 in Fire Magic
  5795 | Lair:1   | Entered Level 1 of the Lair of Beasts
  5795 | Lair:1   | Noticed a spiny frog
  5797 | Lair:1   | Noticed a spiny frog
  5800 | Lair:1   | Killed a spiny frog
  5803 | Lair:1   | Killed a spiny frog
  5803 | Lair:1   | Reached skill level 10 in Spellcasting
  5803 | Lair:1   | Reached XP level 10. HP: 50/50 MP: 26/26
  5911 | Lair:1   | Noticed a spiny frog
  5916 | Lair:1   | Killed a spiny frog
  6157 | Lair:1   | Noticed a six-headed hydra
  6165 | Lair:1   | Killed a six-headed hydra
  6165 | Lair:1   | Reached skill level 5 in Fire Magic
  6426 | Lair:1   | Reached *** piety under Vehumet
  6547 | Lair:2   | Found a staircase to the Snake Pit.
  6614 | D:8      | Reached skill level 11 in Spellcasting
  6793 | D:8      | Noticed Grum
  6810 | D:8      | Offered knowledge of Static Discharge by Vehumet.
  6832 | D:8      | Killed Grum
  7009 | D:8      | Reached XP level 11. HP: 26/54 MP: 27/28
  7182 | D:8      | Reached **** piety under Vehumet
  7792 | D:9      | Offered knowledge of Force Lance by Vehumet.
  7979 | D:9      | Found an opulent altar of Gozag.
  7979 | D:9      | Found a hazy altar of Hepliaklqana.
  8256 | D:10     | Entered Level 10 of the Dungeon
  8271 | D:10     | Noticed Fannar
  8277 | D:10     | Killed Fannar
  8312 | D:10     | Learned a level 5 spell: Fireball
  8319 | D:10     | Learned a level 6 spell: Bolt of Fire
  8327 | D:10     | Learned a level 7 spell: Delayed Fireball
  8336 | D:10     | Learned a level 7 spell: Ring of Flames
  8548 | D:10     | Noticed Erica
  8553 | D:10     | Killed Erica
  8553 | D:10     | Reached skill level 12 in Spellcasting
  8744 | D:10     | Noticed a hill giant
  8746 | D:10     | Killed a hill giant
  9053 | D:10     | Got a jewelled chain mail
  9198 | D:10     | Noticed a hill giant
  9202 | D:10     | Killed a hill giant
  9383 | D:10     | Identified the +1 chain mail of Atheism {rElec MP-9 Int+4 Dex+4} (You found it on level 10 of the Dungeon)
  9415 | D:10     | Reached skill level 10 in Fire Magic
  9518 | D:11     | Noticed a hill giant
  9524 | D:11     | Killed a hill giant
  9825 | D:11     | Reached ***** piety under Vehumet
 10027 | D:11     | Offered knowledge of Bolt of Magma by Vehumet.
 10262 | D:12     | Reached XP level 12. HP: 59/59 MP: 30/30
 10339 | D:12     | Found a white marble altar of Elyvilon.
 10351 | D:12     | Noticed Kirke
 10355 | D:12     | Noticed a sphinx
 10661 | D:12     | Found Soklopp's Antique Weapon Boutique.
 11156 | D:12     | Found Juro's Book Shop.
 11162 | D:12     | Found Wobutei's Food Shop.
 11195 | D:12     | Reached skill level 13 in Spellcasting
 11319 | D:12     | Found a staircase to the Orcish Mines.
 11749 | D:13     | Got a pair of twisted gloves
 11755 | D:13     | Identified the +2 pair of gloves of Gauma Non {rC++ Str+8 Int-5} (You found it on level 13 of the Dungeon)
 12040 | D:13     | Offered knowledge of Olgreb's Toxic Radiance by Vehumet.
 12178 | D:13     | Noticed an eight-headed hydra
 12181 | D:13     | Killed an eight-headed hydra
 12187 | D:13     | Reached skill level 14 in Spellcasting
 12457 | D:13     | Noticed a centaur warrior
 12459 | D:13     | Killed a centaur warrior
 12459 | D:13     | Reached XP level 13. HP: 49/63 MP: 33/33
 12522 | D:13     | Noticed an ettin
 12528 | D:13     | Killed an ettin
 12547 | D:13     | Noticed a tengu reaver
 12551 | D:13     | Killed a tengu reaver
 12552 | D:13     | Noticed a stone giant
 12554 | D:13     | Killed a stone giant
 13045 | Orc:1    | Entered Level 1 of the Orcish Mines
 13047 | Orc:1    | Noticed Snorg
 13053 | Orc:1    | Killed Snorg
 13053 | Orc:1    | Reached skill level 1 in Fighting
 13223 | Orc:2    | Entered Level 2 of the Orcish Mines
 13223 | Orc:2    | Found a staircase to the Elven Halls.
 13223 | Orc:2    | Found a roughly hewn altar of Beogh.
 13391 | Orc:2    | Reached skill level 15 in Conjurations
 13459 | Orc:2    | Noticed an orc warlord
 13459 | Orc:2    | Reached skill level 15 in Spellcasting
 13475 | Orc:2    | Killed an orc warlord
 13774 | Orc:2    | Offered knowledge of Irradiate by Vehumet.
 13781 | Orc:2    | Noticed an orc warlord
 13793 | Orc:2    | Killed an orc warlord
 13793 | Orc:2    | Reached skill level 5 in Dodging
 14054 | Orc:2    | Found a roughly hewn altar of Beogh.
 14102 | Orc:2    | Found Honoskesie's Book Emporium.
 14105 | Orc:2    | Found Jugoeb's Distillery.
 14145 | Orc:2    | Noticed Nergalle
 14151 | Orc:2    | Killed Nergalle
 14187 | Orc:2    | Noticed Erolcha
 14188 | Orc:2    | Killed Erolcha
 14245 | Orc:2    | Found an ancient bone altar of Kikubaaqudgha.
 14253 | Orc:2    | Found a radiant altar of Vehumet.
 14255 | Orc:2    | Found Eshroj's Book Shoppe.
 14298 | Orc:2    | Found Mionisocs's Antique Armour Emporium.
 14332 | Orc:2    | Reached XP level 14. HP: 75/75 MP: 35/35
 14457 | Orc:2    | Bought a book of Air for 420 gold pieces
 14460 | Orc:2    | Learned a level 2 spell: Repel Missiles
 15022 | Lair:2   | Got a pitted cloak
 15028 | Lair:2   | Identified the cursed -1 cloak of Sipat {+Inv rPois rCorr Str-4 Int+5} (You found it on level 2 of the Lair of Beasts)
 15466 | Lair:2   | Noticed Gastronok
 15469 | Lair:2   | Killed Gastronok
 15823 | Lair:3   | Reached skill level 16 in Spellcasting
 15906 | Lair:3   | Found a labyrinth entrance.
 15929 | Lab      | Entered a labyrinth
 16856 | Lair:4   | Reached skill level 5 in Fighting
 16866 | Lair:4   | Found a staircase to the Shoals.
 17523 | Lair:5   | Reached skill level 1 in Shields
 17582 | Lair:5   | Offered knowledge of Lee's Rapid Deconstruction by Vehumet.
 17609 | Lair:5   | Found a runed door.
 17609 | Lair:5   | Found a viscous altar of Jiyva.
 17609 | Lair:5   | Found a staircase to the Slime Pits.
 18052 | Lair:6   | Entered Level 6 of the Lair of Beasts
 18403 | Lair:6   | Upgraded the game from 0.19-a0-1185-gacb3972 to 0.19-a0-1188-g4c2e17c
 18511 | Lair:6   | Reached XP level 15. HP: 78/82 MP: 31/37
 18586 | Lair:6   | Cast into level 2 of the Abyss (a wizard)
 18586 | Abyss:2  | Found a sacrificial altar of Ru.
 18594 | Lair:6   | Escaped the Abyss
 18595 | Lair:6   | Reached skill level 17 in Spellcasting
 18782 | Lair:6   | Found a burning altar of Makhleb.
 18788 | Lair:6   | Found a gateway to Hell.
 19083 | D:12     | Killed Kirke
 19173 | Elf:1    | Entered Level 1 of the Elven Halls
 19537 | Elf:1    | Offered knowledge of Poisonous Cloud by Vehumet.
 19635 | Elf:1    | Reached ****** piety under Vehumet
 19758 | Elf:1    | Identified the Handbook of Conjuration
 19959 | Elf:1    | Reached skill level 5 in Shields
 20005 | Elf:1    | Noticed Frances
 20009 | Elf:1    | Killed Frances
 20009 | Elf:1    | Reached skill level 15 in Fire Magic
 20015 | Elf:1    | Noticed a deep elf sorcerer
 20026 | Elf:1    | Killed a deep elf sorcerer
 20441 | Elf:2    | Reached skill level 18 in Spellcasting
 20586 | Elf:2    | Reached XP level 16. HP: 87/87 MP: 40/40
 21093 | Elf:2    | Learned a level 2 spell: Sublimation of Blood
 21295 | Elf:2    | Found a huge runed gate.
 21295 | Elf:2    | Found a huge runed gate.
 21295 | Elf:2    | Found a huge runed gate.
 21363 | Elf:3    | Entered Level 3 of the Elven Halls
 21556 | Elf:3    | Found Qaothut's Book Emporium.
 21606 | Elf:3    | Offered knowledge of Poison Arrow by Vehumet.
 21992 | Elf:3    | Reached skill level 19 in Spellcasting
 22006 | Elf:3    | Noticed a deep elf blademaster
 22009 | Elf:3    | Killed a deep elf blademaster
 22192 | Elf:3    | Noticed a deep elf blademaster
 22194 | Elf:3    | Killed a deep elf blademaster
 22197 | Elf:3    | Reached XP level 17. HP: 92/92 MP: 7/42
 22470 | Elf:3    | Noticed a deep elf master archer
 22472 | Elf:3    | Killed a deep elf master archer
 22475 | Elf:3    | Noticed a deep elf master archer
 22477 | Elf:3    | Killed a deep elf master archer
 22819 | Elf:3    | Got an ominously black robe
 22832 | Elf:3    | Got an ichor-stained morningstar
 22833 | Elf:3    | Lost strength.
 22833 | Elf:3    | Identified the +6 morningstar of the Common Good {freeze, +Inv MR+ Str-3 Int+5} (You found it on level 3 of the Elven Halls)
 22913 | Elf:3    | Identified the +1 robe of Muttered Phrases {rElec MR+++ Dex-2} (You took it off a deep elf demonologist on level 3 of the Elven Halls)
 22953 | Elf:3    | Got a sparkling marble ring
 22977 | Elf:3    | Identified the ring of Wesut {*Contam rF+ Dex+4 Stlth-} (You found it on level 3 of the Elven Halls)
 23153 | Elf:3    | Bought a book of Battle for 600 gold pieces
 23157 | Elf:3    | Learned a level 3 spell: Regeneration
 23281 | Orc:2    | Bought a book of Annihilations for 1324 gold pieces
 23291 | Orc:2    | Learned a level 9 spell: Fire Storm
 23610 | Snake:1  | Entered Level 1 of the Snake Pit
 23808 | Snake:1  | Reached skill level 20 in Spellcasting
 24008 | Snake:1  | Found Lezyximm's Gadget Boutique.
 24009 | Snake:1  | Found Surepum's Jewellery Emporium.
 24012 | Snake:1  | Found Xool's Gadget Boutique.
 24442 | Snake:2  | Found Yraeq's Antique Weapon Shoppe.
 24455 | Snake:2  | Found Kang's Armour Emporium.
 24455 | Snake:2  | Found Zakaoru's Jewellery Shoppe.
 24459 | Snake:2  | Found Nitsiw's Book Emporium.
 24752 | Snake:2  | Noticed Louise
 24756 | Snake:2  | Killed Louise
 24824 | Snake:3  | Offered knowledge of Conjure Ball Lightning by Vehumet.
 25126 | Snake:3  | Noticed Aizul
 25127 | Snake:3  | Killed Aizul
 25660 | Snake:3  | Found Liowk's Luxury Loot.
 25744 | Snake:3  | Reached XP level 18. HP: 96/96 MP: 44/44
 25859 | Snake:4  | Entered Level 4 of the Snake Pit
 26032 | Snake:4  | Reached skill level 21 in Spellcasting
 26088 | Snake:4  | Got a fabulously ornate robe
 26110 | Snake:4  | Identified the +1 robe of Cod Vati {rN+ Int+4} (You found it on level 4 of the Snake Pit)
 26187 | Snake:4  | Offered knowledge of Lehudib's Crystal Spear by Vehumet.
 26187 | Snake:4  | Offered knowledge of Shatter by Vehumet.
 26187 | Snake:4  | Offered knowledge of Tornado by Vehumet.
 26299 | Snake:4  | Noticed Vashnia
 26312 | Snake:4  | Killed Vashnia
 26596 | Snake:4  | Got a serpentine rune of Zot
 27168 | Snake:2  | Bought the ring of Demons {Fire *Drain Int+7 Dex+3} for 805 gold pieces
 27306 | Shoals:1 | Entered Level 1 of the Shoals
 27316 | Shoals:1 | Reached skill level 22 in Spellcasting
 27725 | Shoals:2 | Reached XP level 19. HP: 93/100 MP: 45/47
 28098 | Shoals:3 | Noticed Roxanne
 28120 | Shoals:3 | Killed Roxanne
 28147 | Shoals:3 | Identified Roxanne's Volume of Transformation (You took it off Roxanne on level 3 of the Shoals)
 28426 | Shoals:4 | Entered Level 4 of the Shoals
 28446 | Shoals:4 | Got a barnacled rune of Zot
 28658 | Shoals:4 | Noticed Polyphemus
 28660 | Shoals:4 | Killed Polyphemus
 28745 | Shoals:4 | Got a bloodstained helmet
 28766 | Shoals:4 | Identified the +1 helmet of the Iron City of Dis {rPois Str-3 Int+4 Dex+2} (You found it on level 4 of the Shoals)
 28916 | Shoals:4 | Noticed Ilsuiw
 28923 | Shoals:4 | Killed Ilsuiw
 29038 | Shoals:4 | Got a vibrating ivory ring
 29085 | Shoals:3 | Identified the ring of Zemidgh {MR+ Str+3} (You found it on level 4 of the Shoals)
 29405 | Slime:1  | Entered Level 1 of the Pits of Slime
 29688 | Slime:5  | Entered Level 5 of the Pits of Slime
 29710 | Slime:5  | Noticed the Royal Jelly
 29712 | Slime:5  | Killed the Royal Jelly
 29712 | Slime:5  | Reached XP level 20. HP: 109/109 MP: 48/48
 29716 | Slime:5  | Reached skill level 10 in Dodging
 30006 | Slime:5  | Got a wavering bone ring
 30012 | Slime:5  | Identified the ring of Tupoutoy {*Drain rPois rN+ MR+ Dex+9} (You found it on level 5 of the Pits of Slime)
 30015 | Slime:5  | Got a scorched silver ring
 30045 | Slime:5  | Identified the Disquisition on Toxic Transmutation
 30083 | Slime:5  | Reached skill level 1 in Necromancy
 30108 | Slime:5  | Identified a scroll of acquirement
 30109 | Slime:5  | Got a jewelled buckler
 30120 | Slime:5  | Identified the +0 buckler of the Everdark {MP+9} (You acquired it on level 5 of the Pits of Slime)
 30132 | Slime:5  | Got an ancient rapier
 30133 | Slime:5  | Lost strength.
 30133 | Slime:5  | Identified the +5 rapier "Geuxuil" {venom, +Inv Str-5 Dex+3 Stlth+} (You found it on level 5 of the Pits of Slime)
 30173 | Slime:5  | Got a slimy rune of Zot
 30193 | Slime:5  | Identified the ring of Wisdom {rPois rF++ Int+3} (You found it on level 5 of the Pits of Slime)
 30200 | Slime:5  | Learned a level 1 spell: Apportation
 30203 | Slime:5  | Learned a level 2 spell: Blink
 30214 | Slime:5  | Got a warped rapier
 30215 | Slime:5  | Lost strength.
 30215 | Slime:5  | Identified the +6 rapier "Miozod" {flame, rF++ Str-4} (You found it on level 5 of the Pits of Slime)
 30511 | Lair:5   | Learned a level 8 spell: Lehudib's Crystal Spear
 30522 | Lair:5   | Learned a level 9 spell: Shatter
 30933 | D:14     | Reached skill level 1 in Earth Magic
 31595 | D:14     | Found a gate to the Vaults.
 31605 | Vaults:1 | Entered Level 1 of the Vaults
 32239 | Vaults:2 | Reached skill level 5 in Necromancy
 32352 | Vaults:2 | Reached skill level 23 in Spellcasting
 32369 | Vaults:2 | Killed Boris
 32369 | Vaults:2 | Blown up by Boris

Vault maps used:
D:1:      nicolae_arrival_washed_ashore
D:2:      first_bread
D:3:      portal_sewer_entry_b
D:4:      kennysheep_little_box
D:5:      serial_shops, shop
D:6:      uniq_eustachio
D:7:      the_bakery, okawaru_trees_2
D:8:      wad_bat_island, grunt_lair_entry_orc_guard_hut, enter_bailey_3,
          uniq_grum
D:9:      gammafunk_temple_overflow_elements
D:10:     lemuel_flame_loot_2, serial_bayou, serial_bayou_pond_d,
          serial_bayou_lagoon_b, serial_bayou_crossing, serial_bayou_lagoon_a,
          serial_bayou_pond_c, minmay_misc_feat_ornament,
          kennysheep_windowed_goal, uniq_fannar, uniq_erica
D:11:     feat_on_display
D:12:     hiddenorc1_lemuel, serial_shops,
          nicolae_shop_competitors_out_of_business,
          nicolae_shop_temple_entry_statues_fountains, shop, elyvilon_altar_3,
          uniq_kirke
D:13:     kennysheep_snake
D:14:     david_vaults_4, minmay_crystal_room, roderic_lattice_a, spider_trap,
          kennysheep_generic_room_14
Temple:   regret_index_temple_mists
Lair:2:   guppyfry_snake_entry_garden, grunt_forest_large_clearing_hut,
          uniq_gastronok
Lair:3:   serial_bayou, serial_bayou_pond_d, serial_bayou_ford_a,
          serial_bayou_pond_d, serial_bayou_shore_a, lab_entry_generic
Lair:4:   shoals_dummy_entry, hibernation_bobbens, uniq_nergalle
Lair:5:   slime_altar_2, minivault_24, roderic_carrion_pond, lemuel_fruit_tree
Lair:6:   evil_forest
Shoals:3: nicolae_shoals_so_close, uniq_roxanne
Shoals:4: shoals_end_grunt_garden, shoals_ilsuiw_ice, uniq_polyphemus
Snake:1:  st_stairs_12, minmay_shop_grove
Snake:2:  hangedman_venom_bottle, minmay_shoptagon, basic_stair_grate_trap,
          uniq_louise
Snake:3:  nicolae_alphabet_shops, grunt_ministairs_2, statue_in_the_mist_lemuel,
          uniq_aizul
Snake:4:  johnstein_snake_rune_scales
Slime:2:  nicolae_slime_barrier
Orc:1:    uniq_snorg
Orc:2:    kennysheep_orc_mage_school, basic_altar
Elf:1:    minmay_elf_annihilation, uniq_frances
Elf:3:    elf_hall, serial_shops, shop_fountains, st_stairs_14,
          amethyst_killhole
Vaults:1: hangedman_vaults_trim, v_pattern_5, vaults_room_door_hall,
          nicolae_vaults_arrows, v_misc_25, nicolae_vaults_shelves_hall,
          hangedman_vaults_corner_blocks, v_misc_32
Vaults:2: vaults_room_corners, nicolae_vaults_sealed_display,
          nicolae_vaults_mini_display_case, nicolae_vaults_circle_grid_b,
          nicolae_vaults_little_ls, nicolae_vaults_circle_grid_a,
          nicolae_vaults_specimen_jars, hangedman_vaults_corner_blocks,
          v_misc_26, vaults_room_hallway, uniq_boris
Lab:      labyrinth_mini_lab, labyrinth_lava_lair, labyrinth_skeletal_remains
Sewer:    sewer_fruit_machine

Skill      XL: |  1  2  3  4  5  6  7  8  9 10 11 12 13 14 15 16 17 18 19 20 |
---------------+-------------------------------------------------------------+-----
Conjurations   | 5 6 7 8 9 10 12 13 14 15 16 17 18 19 20 21 | 21.4
Spellcasting   | 4 5 6 7 8 10 11 12 14 15 16 18 19 20 22 23 | 23.0
Charms         | 3 6 8 |  8.6
Fire Magic     | 3 7 10 13 14 15 16 17 19 20 | 20.1
Fighting       | 3 5 6 9 |  9.0
Dodging        | 6 7 9 10 | 10.3
Shields        | 3 6 |  6.4
Necromancy     | 5 |  5.9
Earth Magic    | 4 |  4.4
Stealth        | |  2.4

Action                   |  1- 3 |  4- 6 |  7- 9 | 10-12 | 13-15 | 16-18 | 19-21 || total
-------------------------+-------+-------+-------+-------+-------+-------+-------++-------
Melee: Short sword       |    67 |   101 |     3 |       |       |       |       ||   171
       Staff             |       |       |    20 |     2 |     4 |     2 |    24 ||    52
 Cast: Magic Dart        |    31 |    16 |    90 |   138 |   139 |    25 |     3 ||   442
       Searing Ray       |     4 |    21 |    29 |    35 |    21 |     2 |       ||   112
       Iskenderun's Myst |       |    10 |    16 |    64 |    32 |    50 |       ||   172
       Iskenderun's Batt |       |       |    25 |    77 |    69 |    32 |     3 ||   206
       Fireball          |       |       |       |    67 |   212 |   222 |    89 ||   590
       Delayed Fireball  |       |       |       |     1 |       |     2 |       ||     3
       Bolt of Fire      |       |       |       |     5 |    43 |    45 |    10 ||   103
       Ring of Flames    |       |       |       |       |     1 |    12 |    65 ||    78
       Repel Missiles    |       |       |       |       |       |     3 |       ||     3
       Fire Storm        |       |       |       |       |       |    59 |    97 ||   156
       Regeneration      |       |       |       |       |       |     3 |    13 ||    16
       Sublimation of Bl |       |       |       |       |       |       |     2 ||     2
       Lehudib's Crystal |       |       |       |       |       |       |     1 ||     1
 Abil: Release Delayed F |       |       |       |       |       |     1 |       ||     1
Evoke: Wand              |       |       |       |       |     1 |     2 |     4 ||     7
       Lamp of fire      |       |       |       |       |       |     1 |       ||     1
  Use: Scroll            |       |    14 |     3 |    11 |     7 |     6 |    12 ||    53
       Potion            |       |     1 |       |     5 |     1 |     2 |     1 ||    10
 Stab: Sleeping          |     1 |     4 |       |       |       |       |       ||     5
  Eat: Chunk             |     1 |     9 |    11 |    34 |    23 |    15 |    12 ||   105
       Royal jelly       |       |       |     1 |       |     2 |     1 |       ||     4
       Pizza             |       |       |       |       |       |     3 |     3 ||     6
       Bread ration      |       |       |       |       |       |     4 |       ||     4
       Fruit             |       |       |       |       |       |     1 |       ||     1
       Beef jerky        |       |       |       |       |       |       |     1 ||     1
Armor: Robe              |    25 |    49 |    24 |    26 |     3 |     9 |    16 ||   152
Dodge: Dodged            |    49 |    80 |    49 |    83 |    31 |    62 |    72 ||   426
       Deflected         |       |       |       |       |       |    14 |     9 ||    23
Block: Buckler           |       |       |       |       |     2 |    15 |    36 ||    53
